 Dungeon Crawl Stone Soup version 0.24.0-35-gdb84b6a5db (webtiles) character file.

Game seed: 16027213521226908570, levelgen mode: deterministic

3560 Nattfarinn the Archer (level 9, -11/89 HPs)
             Began as a Centaur Hunter on Nov 20, 2019.
             Was a Priest of Okawaru.
             Hit by a boomerang thrown by an orc warrior (16 damage)
             ... on level 8 of the Dungeon.
             The game lasted 00:25:22 (11666 turns).

Nattfarinn the Archer (Centaur Hunter)             Turns: 11666, Time: 00:25:23

Health: -11/89     AC:  9    Str: 16    XL:     9   Next: 83%
Magic:  9/9        EV: 10    Int: 11    God:    Okawaru [***...]
Gold:   397        SH:  0    Dex: 11    Spells: 8/8 levels left

rFire    . . .     SeeInvis +   b - +3 trident
rCold    . . .     Gourm    .   (no shield)
rNeg     . . .     Faith    .   C - +2 robe {MR+}
rPois    .         Spirit   .   K - +2 helmet
rElec    .         Reflect  .   (no cloak)
rCorr    .         Harm     .   (no gloves)
MR       ++...                  (no barding)
Stlth    +.........             (no amulet)
HPRegen  0.24/turn              w - ring of protection from magic
MPRegen  0.11/turn              j - ring of see invisible

@: very quick
A: large, hooves 3, deformed body, speed 2, tough skin 3
a: Heroism, Renounce Religion


You were on level 8 of the Dungeon.
You worshipped Okawaru.
Okawaru was most pleased with you.
You were not hungry.

You visited 2 branches of the dungeon, and saw 10 of its levels.

You collected 397 gold pieces.

Inventory:

Hand Weapons
 a - a +1 shortbow
 b - a +3 trident (weapon)
 E - the +2 hunting sling of Change {venom, rElec MR+ Int-4}
   (You found it on level 6 of the Dungeon)

   It poisons the ammo it fires.
   It affects your intelligence (-4).
   It insulates you from electricity.
   It affects your resistance to hostile enchantments.
 H - a +1 long sword of slicing
Missiles
 d - 82 arrows
Armour
 c - a +0 leather armour
 k - a +0 helmet
 C - a +2 robe of magic resistance (worn)
 K - a +2 helmet (worn)
Jewellery
 j - a ring of see invisible (right hand)
 o - an uncursed ring of positive energy
 q - an uncursed ring of wizardry
 t - an uncursed ring of ice
 w - a ring of protection from magic (left hand)
 G - a +4 amulet of reflection
 I - an uncursed ring of stealth {unknown}
Wands
 F - a wand of scattershot (6)
 N - a wand of disintegration (14)
Scrolls
 e - 8 scrolls of remove curse
 h - 2 scrolls of noise {unknown}
 i - 3 scrolls of amnesia
 m - 9 scrolls of teleportation
 n - 4 scrolls of fog
 s - 2 scrolls of enchant weapon
 x - a scroll of immolation {unknown}
 y - 2 scrolls of enchant armour {unknown}
 A - a scroll of fear {unknown}
 D - 2 scrolls of magic mapping {unknown}
 M - 6 scrolls of identify
Potions
 g - a potion of might
 p - 4 potions of brilliance
 r - 2 potions of agility
 u - 2 potions of flight {unknown}
 v - 2 potions of haste {unknown}
 z - a potion of mutation {unknown}
 B - 2 potions of lignification {unknown}
 J - a potion of resistance {unknown}
Comestibles
 f - 12 rations


   Skills:
 * Level 11.5 Fighting
 + Level 11.6 Bows
 - Level 1.3 Dodging
 - Level 0.4 Stealth


You had 8 spell levels left.
You didn't know any spells.
Your spell library contained the following spells:

 Spells                   Type           Power        Failure   Level  Hunger
 Flame Tongue             Conj/Fire      #....        34%         1    ##.....
 Throw Flame              Conj/Fire      #.....       47%         2    ###....
 Conjure Flame            Conj/Fire      #.......     71%         3    ####...
 Inner Flame              Hex/Fire       #.......     71%         3    ####...
 Sticky Flame             Conj/Fire      #.......     98%         4    #####..
 Fireball                 Conj/Fire      #.........   100%        5    ######.


Dungeon Overview and Level Annotations

Branches:
Dungeon (9/15)             Temple (1/1) D:5
   Lair: D:8-11         Orc: D:9-12

Altars:
Cheibriados
Elyvilon
Fedhas
Gozag
Hepliaklqana
Kikubaaqudgha
Makhleb
Nemelex Xobeh
Okawaru
Ru
Trog
Uskayaw
Vehumet
Xom
Yredelemnul
Zin

Annotations:
D:3 3 runed translucent doors, jaiteiro's ghost, amateur GrFi
D:4 3 runed translucent doors, kmx's ghost, amateur FeFi
D:5 1 runed translucent door, Crazy Yiuf


Innate Abilities, Weirdness & Mutations

You have hooves in place of feet.
Armour fits poorly on your strangely shaped body.
You cover ground very quickly.
You have extremely tough skin. (AC +3)


Message History

The orc warrior throws a boomerang.
The boomerang closely misses you.
The weapon returns to the orc warrior!
Attack whom?
Press: ? - help, Dir - move target cursor, f/p - orc warrior
Aim: an orc warrior, wielding a +0 long sword and wearing a +0 plate armour (severely wounded)
You reach to attack!
You hit the orc warrior.
The orc warrior is almost dead.
The orc warrior throws a boomerang.
The boomerang hits you!
* * * LOW HITPOINT WARNING * * *
The weapon returns to the orc warrior!
The orc warrior throws a boomerang.
The boomerang hits you!
* * * LOW HITPOINT WARNING * * *
The weapon returns to the orc warrior!
Attack whom?
Press: ? - help, Dir - move target cursor, f/p - orc warrior
Aim: an orc warrior, wielding a +0 long sword and wearing a +0 plate armour (almost dead)
You reach to attack!
You hit the orc warrior.
The orc warrior is almost dead.
The orc warrior throws a boomerang.
The boomerang hits you!
You die...

#.......#....#......#.......
######..##..#....#..##..#.......
##....#..##..#....#..#####.......
......#.>#...'....#..#.....##'###
......'..+...#....#..#.....#....#
......#..#...#....#..#.....#....#
......#####..#....#..#.....#....#
..........#..#....#..#.....#....#
####รท#....+..#..@.#..#.....##'###
.....#....#..#....#..#...........
.....#....#..#..o.#..#...........
.....#....##+#...)'..#...........
####'#..........>.#..######......
..................#### #......
...............)..# #......
..................# #......
..................# #......


You could see an orc warrior.

Vanquished Creatures
  Pikel (D:4)
  3 sky beasts
  3 orc warriors
  3 ogres
  A black bear (D:9)
  A phantom (D:6)
  4 slaves
  6 bullfrogs
  2 scorpions
  5 killer bees
  A wight (D:8)
  3 howler monkeys
  A crimson imp (D:5)
  2 orc priests
  3 hounds
  2 jellies (D:6)
  8 orc wizards
  3 centaur skeletons
  An iguana (D:5)
  5 worker ants
  A hound zombie (D:5)
  2 hound skeletons
  Robin (D:2)
  3 gnolls (D:2)
  6 adders
  2 shadow imps
  6 worms
  3 dart slugs
  7 leopard geckos
  26 orcs
  2 giant cockroaches
  10 hobgoblins
  11 kobolds
  4 quokkas
  3 ball pythons
  8 bats
  4 frilled lizards
  16 goblins
  13 rats
  A fungus (D:5)
187 creatures vanquished.

Vanquished Creatures (others)
  A quokka (D:5)
1 creature vanquished.

Grand Total: 188 creatures vanquished

Notes
Turn   | Place    | Note
-------+----------+-------------------------------------------
     0 | D:1      | Nattfarinn the Centaur Hunter began the quest for the Orb.
     0 | D:1      | Reached XP level 1. HP: 17/17 MP: 1/1
   147 | D:1      | Reached XP level 2. HP: 21/25 MP: 2/2
  1083 | D:2      | Reached XP level 3. HP: 31/31 MP: 3/3
  1442 | D:2      | Reached XP level 4. HP: 37/40 MP: 4/4
  1654 | D:2      | Noticed Robin
  1703 | D:2      | Killed Robin
  1879 | D:2      | Noticed a moth of wrath
  1881 | D:2      | Found a bloodstained altar of Trog.
  2025 | D:2      | Reached XP level 5. HP: 47/47 MP: 5/5
  2416 | D:3      | Noticed an orc warrior
  2606 | D:3      | Reached skill level 5 in Fighting
  3257 | D:3      | Found a runed translucent gate.
  3259 | D:3      | Found a runed translucent gate.
  3260 | D:3      | Found a runed translucent gate.
  3262 | D:3      | Noticed jaiteiro's ghost (amateur GrFi)
  3581 | D:3      | Found an ancient bone altar of Kikubaaqudgha.
  3581 | D:3      | Found a burning altar of Makhleb.
  3707 | D:3      | Reached XP level 6. HP: 56/56 MP: 6/6
  3955 | D:3      | Killed an orc warrior
  4306 | D:4      | Found a runed translucent gate.
  4306 | D:4      | Found a runed translucent gate.
  4306 | D:4      | Found a runed translucent gate.
  4307 | D:4      | Noticed kmx's ghost (amateur FeFi)
  4344 | D:4      | Reached XP level 7. HP: 44/64 MP: 7/7
  4708 | D:4      | Found a shimmering altar of Xom.
  4709 | D:4      | Found a shimmering altar of Xom.
  4710 | D:4      | Found a shimmering altar of Xom.
  5128 | D:5      | Entered Level 5 of the Dungeon
  5139 | D:5      | Found a staircase to the Ecumenical Temple.
  5163 | Temple   | Entered the Ecumenical Temple
  5269 | Temple   | Became a worshipper of Warmaster Okawaru
  5353 | D:5      | Noticed Pikel
  5377 | D:5      | HP: 2/66 [disintegration (16)]
  6317 | D:5      | Found a white marble altar of Elyvilon.
  7350 | D:4      | Killed Pikel
  7350 | D:4      | Reached * piety under Okawaru
  7350 | D:4      | Reached XP level 8. HP: 75/75 MP: 8/8
  7635 | D:5      | Found a runed translucent door.
  7636 | D:5      | Noticed Crazy Yiuf
  7663 | D:6      | Got a jewelled hunting sling
  7664 | D:6      | Identified the +2 hunting sling of Change {venom, rElec MR+
                  | Int-4} (You found it on level 6 of the Dungeon)
  8414 | D:6      | Reached skill level 10 in Bows
  8870 | D:7      | Reached ** piety under Okawaru
  8900 | D:7      | Reached XP level 9. HP: 32/85 MP: 9/9
  9284 | D:7      | Reached skill level 10 in Fighting
  9690 | D:7      | Found an opulent altar of Gozag.
  9777 | D:7      | Found a sparkling altar of Nemelex Xobeh.
 10135 | D:7      | HP: 4/86 [killer bee (5)]
 11452 | D:9      | Noticed a troll
 11458 | D:9      | Reached *** piety under Okawaru
 11665 | D:8      | HP: 4/89 [orc warrior/boomerang (11)]
 11666 | D:8      | Hit by a boomerang thrown by an orc warrior

Levels and vault maps discovered:
D:1:      lightli_arrival_boilingwater, layout_loops_corners,
          kennysheep_flooded_box, minivault_23, minmay_tall_x
D:2:      layout_basic, tgw_trog, first_ration, uniq_robin
D:3:      layout_basic, gammafunk_temple_overflow_elements,
          gammafunk_ghost_necromancy
D:4:      layout_gridville, xom_redecorated, gammafunk_ghost_nasty_kobolds
D:5:      layout_cave_pools, elyvilon_altar_4, minmay_temple_entry_large_hall,
          uniq_pikel, uniq_crazy_yiuf_cottage
D:6:      layout_cave_pods
D:7:      layout_loops_ring, nemelex_xobeh_ov_fountains_minmay, basic_altar
D:8:      layout_gridville
D:9:      layout_gridville, erik_orc_2
Temple:   regret_index_temple_sphere_string

Skill      XL: |  1  2  3  4  5  6  7  8  9 |
---------------+----------------------------+-----
Fighting       | 3 4 5 6 8 9 11 | 11.5
Bows           | 6 7 9 10 11 | 11.6
Dodging        | |  1.3
Stealth        | |  0.4

Action                   |  1- 3 |  4- 6 |  7- 9 || total
-------------------------+-------+-------+-------++-------
Melee: Short sword       |    33 |       |       ||    33
       Kick              |     7 |    23 |    38 ||    68
       Hand axe          |    11 |       |       ||    11
       Trident           |    11 |   192 |   198 ||   401
       Long sword        |       |       |    26 ||    26
 Fire: Shortbow          |    23 |    33 |   247 ||   303
  Use: Scroll            |     1 |     2 |     9 ||    12
       Potion            |       |       |     8 ||     8
  Eat: Chunk             |     1 |     8 |    11 ||    20
       Ration            |       |       |     3 ||     3
Armor: Leather armour    |    27 |    44 |    38 ||   109
       Robe              |       |       |    67 ||    67
Dodge: Dodged            |    24 |    55 |   177 ||   256
Block: Buckler           |       |     4 |     4 ||     8
       Rpst.: Long sword |       |       |     5 ||     5
